 Dungeon Crawl Stone Soup version 0.16-a0-3913-g9d9d7ce (webtiles) character file.

7765 BluebellGnoll the Fighter (level 11, -7/107 HPs)
             Began as a Minotaur Gladiator on Feb 4, 2015.
             Was an Elder of Okawaru.
             Mangled by a cyan ugly thing (16 damage)
             ... on level 11 of the Dungeon.
             The game lasted 00:26:26 (9401 turns).

BluebellGnoll the Fighter (Minotaur Gladiator)      Turns: 9401, Time: 00:26:27

Health: -7/107     AC: 17    Str: 27    XL:     11   Next: 1%
Magic:  15/15      EV: 10    Int:  5    God:    Okawaru [****..]
Gold:   616        SH:  0    Dex: 12    Spells: 0 memorised, 10 levels left

rFire  + . .     SeeInvis .     a - +1 war axe
rCold  + . .     Clarity  .     E - +0 chain mail {rF+}
rNeg   . . .     SustAb   .     (no shield)
rPois  .         Gourm    .     F - +2 hat
rElec  .         Spirit   .     e - +2 cloak
rCorr  .         Warding  .     (no gloves)
rMut   .         Stasis   .     H - +0 pair of boots
MR     +....                    (no amulet)
Stlth  ..........               M - ring "Tedaveis" {Wiz MR+}
                                c - ring of protection from cold

@: mighty, somewhat resistant to hostile enchantments, extremely unstealthy
A: retaliatory headbutt, horns 2
a: Heroism, Renounce Religion


You were on level 11 of the Dungeon.
You worshipped Okawaru.
Okawaru was greatly pleased with you.
You were not hungry.

You visited 3 branches of the dungeon, and saw 13 of its levels.

You collected 616 gold pieces.

Inventory:

Hand weapons
 a - a +1 war axe (weapon)
Missiles
 d - 5 throwing nets
 i - 7 steel javelins
 r - 6 javelins
 u - 13 tomahawks (quivered)
 L - 2 tomahawks of returning
Armour
 e - a +2 cloak (worn)
 E - a +0 chain mail of fire resistance (worn)
 F - a +2 hat (worn)
 H - a +0 pair of boots (worn)
Jewellery
 c - a ring of protection from cold (left hand)
 J - an uncursed ring of protection from cold
 M - the ring "Tedaveis" (right hand) {Wiz MR+}
   (You found it on level 10 of the Dungeon)

   [ring of wizardry]

   It improves your spell success rate.
   It affects your resistance to hostile enchantments.
Magical devices
 b - a wand of flame (15)
 h - a wand of magic darts (29)
 m - a wand of flame (29)
 z - a wand of paralysis (21)
 N - a wand of hasting (1)
 O - a wand of flame (9)
Scrolls
 g - 2 scrolls of amnesia
 j - a scroll of teleportation
 k - 6 scrolls of remove curse
 n - a scroll of magic mapping
 p - 2 scrolls of immolation
 q - 2 scrolls of recharging
 s - 3 scrolls of blinking
 t - a scroll of holy word
 y - a scroll of enchant armour
 K - a scroll of enchant weapon
Potions
 l - 2 potions of might
 o - a potion of degeneration {unknown}
 w - 5 potions of curing
 x - 3 potions of resistance
 A - a potion of heal wounds
 B - a potion of lignification {unknown}
 C - 2 potions of poison {unknown}
 G - a potion of beneficial mutation
 P - a potion of magic {unknown}
Comestibles
 f - 11 bread rations
 v - 6 meat rations
 D - 4 fruits


   Skills:
 - Level 13.5 Fighting
 - Level 10.0 Axes
 - Level 2.0 Throwing
 - Level 8.4 Armour
 - Level 3.7 Dodging
 + Level 6.2 Evocations


You had 10 spell levels left.
You didn't know any spells.

Dungeon Overview and Level Annotations

Branches:
Dungeon (11/15)            Temple (1/1) D:7            Lair (1/8) D:8
    Orc (0/4) D:10

Altars:
Ashenzari
Cheibriados
Elyvilon
Gozag
Kikubaaqudgha
Nemelex Xobeh
Okawaru
Ru
Trog
Vehumet
Zin

Shops:
D:6 :


Innate Abilities, Weirdness & Mutations

You reflexively headbutt those who attack you in melee.
You have a pair of horns on your head.


Message History

You barely miss the cyan ugly thing.
The cyan ugly thing trunk-slaps you but does no damage.
Your chain mail prevents you from hitting the cyan ugly thing.
The cyan ugly thing trunk-slaps you!
* * * LOW HITPOINT WARNING * * *
The cyan ugly thing shocks you!
* * * LOW HITPOINT WARNING * * *
You are too injured to fight recklessly!
You are too injured to fight recklessly!
Drink which item? (? for menu, Esc to quit)
You feel much better. The cyan ugly thing trunk-slaps you.
* * * LOW HITPOINT WARNING * * *
The cyan ugly thing shocks you!
* * * LOW HITPOINT WARNING * * *
You slash the cyan ugly thing! You headbutt the cyan ugly thing!!
The cyan ugly thing is moderately wounded.
The cyan ugly thing trunk-slaps you.
* * * LOW HITPOINT WARNING * * *
The cyan ugly thing shocks you!
You die...

#.# #.# #.#
#u# #.# #.#
#########.#
#.u.......#
#@#########
#.# #.# #..
###


You could see a cyan ugly thing.

Vanquished Creatures
  An ugly thing (D:8)
  A manticore (D:10)
  A queen ant (D:11)
  A gargoyle (D:11)
  A spiny frog (Lair:1)
  A wyvern (D:10)
  A spriggan (D:7)
  A shadow (D:11)
  2 water moccasins
  Edmund (D:4)
  2 porcupines (Lair:1)
  8 soldier ants (D:11)
  4 phantoms
  4 orc warriors
  A black bear (D:7)
  4 centaurs
  An ogre (D:7)
  3 sky beasts
  3 ice beasts
  6 giant frogs
  5 crimson imps
  A quasit (D:8)
  4 jellies
  A giant frog skeleton (D:8)
  2 hounds (D:9)
  6 orc priests
  A giant frog zombie (D:7)
  4 centaur skeletons
  7 orc wizards
  24 worker ants
  Terence (D:2)
  Robin (D:2)
  23 adders
  2 river rats (D:8)
  12 gnolls
  8 shadow imps
  3 giant mites
  8 worms
  An adder zombie (D:5)
  An ooze (D:1)
  33 orcs
  A ball python (D:3)
  14 bats
  A bat skeleton (D:7)
  A bat zombie (D:6)
  6 giant cockroaches
  16 hobgoblins
  18 kobolds
  3 quokkas
  10 giant geckos
  A giant gecko skeleton (D:8)
  5 giant newts
  A giant spore (D:8)
  29 goblins
  6 jackals
  14 rats
  A ballistomycete (D:8)
322 creatures vanquished.

Vanquished Creatures (others)
  An orc wizard (D:10)
  A worker ant (D:11)
2 creatures vanquished.

Grand Total: 324 creatures vanquished

Notes
Turn   | Place    | Note
--------------------------------------------------------------
     0 | D:1      | BluebellGnoll, the Minotaur Gladiator, began the quest for the Orb.
     0 | D:1      | Reached XP level 1. HP: 18/18 MP: 1/1
    92 | D:1      | Reached XP level 2. HP: 23/25 MP: 1/1
   557 | D:1      | Reached XP level 3. HP: 31/31 MP: 2/2
  1109 | D:2      | Reached skill level 1 in Armour
  1267 | D:2      | Reached XP level 4. HP: 37/39 MP: 2/2
  1348 | D:2      | Noticed Terence
  1359 | D:2      | Killed Terence
  1486 | D:2      | Reached skill level 4 in Armour
  1492 | D:2      | Noticed Robin
  1492 | D:2      | Found an ancient bone altar of Kikubaaqudgha.
  1497 | D:2      | Killed Robin
  1534 | D:2      | Reached XP level 5. HP: 45/45 MP: 2/2
  2373 | D:3      | Reached skill level 5 in Fighting
  2377 | D:3      | Reached XP level 6. HP: 45/56 MP: 3/3
  2792 | D:4      | Reached skill level 5 in Axes
  2947 | D:4      | Noticed Edmund
  2962 | D:4      | Killed Edmund
  2962 | D:4      | Reached skill level 6 in Fighting
  2962 | D:4      | Reached XP level 7. HP: 53/63 MP: 3/3
  3135 | D:4      | Reached skill level 7 in Fighting
  3560 | D:5      | Entered Level 5 of the Dungeon
  3745 | D:5      | Reached skill level 8 in Fighting
  4017 | D:5      | Reached skill level 9 in Fighting
  4017 | D:5      | Reached XP level 8. HP: 39/78 MP: 3/3
  4342 | D:5      | Reached skill level 10 in Fighting
  4861 | D:6      | Reached skill level 11 in Fighting
  5151 | D:6      | Found Phoihoal's Book Boutique.
  5459 | D:6      | Reached XP level 9. HP: 89/89 MP: 4/4
  5943 | D:7      | Found a staircase to the Ecumenical Temple.
  5961 | Temple   | Entered the Ecumenical Temple
  5975 | Temple   | Became a worshipper of Warmaster Okawaru
  6297 | D:7      | Reached skill level 10 in Axes
  6387 | D:8      | Noticed a cyan ugly thing
  6396 | D:8      | Killed a cyan ugly thing
  6396 | D:8      | Acquired Okawaru's first power
  6396 | D:8      | Reached skill level 12 in Fighting
  6667 | D:8      | Found a staircase to the Lair.
  7523 | Lair:1   | Entered Level 1 of the Lair of Beasts
  7530 | Lair:1   | Reached skill level 13 in Fighting
  7593 | Lair:1   | Reached XP level 10. HP: 101/101 MP: 4/4
  7621 | Lair:1   | Noticed a spiny frog
  7627 | Lair:1   | Killed a spiny frog
  8025 | D:9      | Reached skill level 5 in Armour
  8199 | D:10     | Entered Level 10 of the Dungeon
  8254 | D:10     | Found a staircase to the Orcish Mines.
  8306 | D:10     | Got a brightly glowing pewter ring
  8308 | D:10     | Identified the ring "Tedaveis" {Wiz MR+} (You found it on level 10 of the Dungeon)
  8445 | D:10     | Noticed a manticore
  8455 | D:10     | Killed a manticore
  9048 | D:11     | Reached skill level 1 in Evocations
  9333 | D:11     | Reached skill level 5 in Evocations
  9365 | D:11     | Received a gift from Okawaru
  9365 | D:11     | Reached XP level 11. HP: 30/107 MP: 13/15
  9369 | D:11     | Noticed a skeletal warrior
  9387 | D:11     | Noticed a cyan ugly thing
  9401 | D:11     | Mangled by a cyan ugly thing

Action                   |  1- 3 |  4- 6 |  7- 9 | 10-12 || total
-------------------------+-------+-------+-------+-------++-------
Melee: War axe           |    67 |   205 |   384 |   208 ||   864
Throw: Throwing net      |       |     1 |     2 |       ||     3
       Tomahawk          |       |       |     1 |     3 ||     4
  Use: Potion            |       |     3 |       |     6 ||     9
       Scroll            |       |     4 |    15 |     2 ||    21
  Eat: Chunk             |     1 |     6 |    14 |     7 ||    28
